[Event "Nakhchivan Open 2022"]
[Site "Nakhchivan"]
[Date "2022.05.14"]
[Round "9.3"]
[White "Lorparizangeneh, Shahin"]
[Black "Asgari, Morteza"]
[Result "1/2-1/2"]
[ECO "D02"]
[WhiteElo "2502"]
[BlackElo "2244"]
[Annotator "TA"]
[PlyCount "61"]
[EventDate "2022.05.08"]
[EventType "swiss"]
[EventCountry "AZE"]
[SourceTitle "playchess.com"]
[Source "ChessBase"]
[SourceQuality "1"]
[TimeControl "5400+30"]

1. d4 d5 2. Nf3 Nf6 3. c3 c6 4. Bf4 Bf5 5. e3 e6 6. Be2 {[%emt 0:08:52] D02: 1 d4 d5 2 Nf3 sidelines, including 2...Nf6 3 g3 and 2...Nf6 3 Bf4.} Nbd7 7. O-O h6 8. h3 Qb6 9. Qc1 Be7 {[%emt 0:03:07] [#]} 10. Bh2 $146 ({Predecessor:} 10. Re1 O-O 11. Bf1 c5 12. Nbd2 Rac8 13. Ne5 Rfd8 14. Nxd7 Rxd7 15. Nb3 a5 16. Nxc5 Bxc5 17. dxc5 Qxc5 {0-1 (48) Wahedi,A (2246)-Grabarczyk,M (2485) Germany 2006}) 10... Bh7 11. c4 dxc4 12. Nbd2 O-O 13. Nxc4 Qd8 14. Rd1 a5 15. Nfe5 Nb6 16. b3 a4 17. Nxb6 Qxb6 18. Nc4 Qb4 19. a3 Qxb3 20. Rd2 $1 {[%emt 0:00:04][%cal Bd1d2,Bd2b2,Bb2b7][%mdl 32] [#] Rb2 is the strong threat.} Nd5 ({Black should try} 20... b5 $11 21. Nb6 Ra6) 21. Rb2 $14 Qc3 {[%emt 0:01:18] Hoping for ...Qxc1+.} (21... Nc3 $2 22. Bf1 Qd1 23. Qxd1 $18) 22. Rxb7 {[%emt 0:01:03] aiming for Qf1.} Qxc1+ 23. Rxc1 c5 24. Be5 cxd4 {[%emt 0:01:26] The position is equal.} 25. Bxd4 Rfb8 26. Rxb8+ Rxb8 27. Ra1 Bc2 28. Na5 Bd6 29. Nc4 {[%emt 0:00:51] Against e5} Be7 30. Na5 Bd6 31. Nc4 {[%emt 0:00:28] Prevents e5.  Weighted Error Value: White=0.07 (flawless) /Black=0.10 (very precise)} 1/2-1/2

[Event "Nakhchivan Open 2022"]
[Site "Nakhchivan"]
[Date "2022.05.14"]
[Round "9.4"]
[White "Azadaliyev, Jahandar"]
[Black "Gurbanov, Ismayil"]
[Result "1/2-1/2"]
[ECO "A68"]
[WhiteElo "2088"]
[BlackElo "2032"]
[Annotator "TA"]
[PlyCount "79"]
[EventDate "2022.05.08"]
[EventType "swiss"]
[EventCountry "AZE"]
[SourceTitle "playchess.com"]
[Source "ChessBase"]
[SourceQuality "1"]
[TimeControl "5400+30"]

1. d4 Nf6 2. c4 c5 3. d5 e6 4. Nc3 exd5 5. cxd5 d6 6. e4 g6 7. f4 Bg7 8. Nf3 O-O 9. Be2 b5 10. e5 dxe5 11. fxe5 Ng4 12. Bxb5 {[%emt 0:09:50] A68: Modern Benoni: Four Pawns Attack without 9...Re8.} Nxe5 13. O-O Qb6 (13... Bg4 $11) 14. Nxe5 $16 {[%emt 0:12:28] White is better.} Bxe5 15. Bh6 $1 Bg7 {[%emt 0:31:23] [#]} (15... a6 $16 {was necessary.}) 16. Qd2 $146 {[%emt 0:01:30] Threatens to win with Rae1.} ({Predecessor:} 16. Bxg7 Kxg7 17. Qf3 Bf5 18. d6 Na6 19. g4 Be6 20. Bc6 Rad8 21. Qf6+ Kg8 22. Nd5 Bxd5 23. Bxd5 Rd7 24. Be6 Rb7 25. d7 {1-0 (25) Alexandrova,O (2430)-Kulicov,O (2420) Alushta 2002}) 16... Ba6 17. Bxa6 (17. Bxg7 $18 Kxg7 18. a4) 17... Nxa6 18. Rae1 {[%emt 0:00:52] White is more active.} ({White should play} 18. Bxg7 $16 Kxg7 19. d6) 18... Rae8 (18... Bd4+ $1 $14 19. Kh1 Rfe8) 19. Rxe8 $18 Rxe8 20. Qf4 (20. Bxg7 $18 Kxg7 21. d6) 20... f5 21. Bxg7 Kxg7 22. d6 {[%emt 0:02:07] Rd1 is the strong threat.} Nb8 (22... Qxb2 $2 23. d7 Qb8 24. dxe8=B $18) 23. Rd1 {[%emt 0:10:25] Black must now prevent d7.} Nd7 24. Qa4 Nf6 (24... Qb7 $11) 25. Nd5 Qxb2 26. Nxf6 Re2 {[%emt 0:00:02] [#]} 27. Qd7+ $2 ({Weaker is} 27. Ne8+ Kh8 28. Qh4 (28. Qc6 Qc3 $11) 28... Rd2 $16) ({White has to play} 27. Qh4 $1 $18 Qc2 28. Rf1 (28. Re1 Qd2 $14)) 27... Kxf6 $11 {[%emt 0:00:17][%mdl 4096] Endgame KQR-KQR. The position is equal.} 28. Qc6 (28. Qxh7 $2 Rxg2+ 29. Kh1 Qe2 $17) 28... Rd2 $1 (28... Qb6 29. Qxb6 axb6 30. d7 Re7 31. d8=Q Kf7 32. Qh8 Ke6 33. Qf8) 29. d7+ Ke7 30. Qxc5+ Kxd7 $1 31. Qxa7+ Kd6 32. Qa6+ Kd7 33. Qa4+ Kc8 34. Qc6+ Kb8 35. Re1 {[%emt 0:03:33] Threatening mate with Re8+. Really sharp!} Qd4+ $1 36. Kh1 Rd1 (36... Qe4 $2 37. Qb6+ Kc8 38. Rxe4 $18) 37. Qb5+ Ka7 38. Qa5+ Kb7 39. Qb5+ Ka7 40. Qa5+ {Weighted Error Value: White=0.30/Black=0.49} 1/2-1/2

[Event "Nakhchivan Open 2022"]
[Site "Nakhchivan"]
[Date "2022.05.14"]
[Round "9.5"]
[White "Haznedaroglu, Kivanc"]
[Black "Khaledi, Omid"]
[Result "1-0"]
[ECO "A45"]
[WhiteElo "2425"]
[BlackElo "2025"]
[Annotator "TA"]
[PlyCount "145"]
[EventDate "2022.05.08"]
[EventType "swiss"]
[EventCountry "AZE"]
[SourceTitle "playchess.com"]
[Source "ChessBase"]
[SourceQuality "1"]
[TimeControl "5400+30"]

1. d4 Nf6 2. Bg5 Ne4 3. h4 c5 4. d5 Qb6 5. Nd2 h6 6. Bf4 {[%emt 0:10:14] [#] A45: Trompowsky Attack.} Nf6 (6... Qxb2 $1 $11 7. Nxe4 Qb4+ 8. Qd2 Qxe4) 7. e4 $14 d6 8. Nc4 {[%emt 0:02:31] White is better.} Qd8 9. a4 (9. Nf3 $16) 9... g6 {[%emt 0:02:18] [#]} (9... e5 $11 10. dxe6 Bxe6) 10. f3 $146 ({Predecessor:} 10. Qd2 Bg7 11. Bd3 Na6 12. c3 Nc7 13. Ne2 h5 14. f3 O-O 15. O-O-O Bd7 16. Rdg1 {0-1 (43) Kumala,A (2197)-Szadkowski,K (2277) Jastrzebia Gora 2018}) 10... Bg7 11. Qd2 b6 12. Ne2 Nbd7 13. g4 a6 14. Ng3 Kf8 15. Be2 Ne8 16. Kf2 Rb8 17. Kg2 Qc7 18. c3 Kg8 19. Be3 b5 20. axb5 axb5 21. Na5 Ne5 {[%emt 0:00:48] Against Nc6} 22. g5 ({White should play} 22. b4 $1 $16) 22... h5 (22... hxg5 $11 23. Bxg5 Ra8 24. Bxb5 (24. Nc6 Rxa1 25. Nxe7+ Kh7 $14) 24... Rxa5 25. Rxa5 (25. Bxe8 Rxa1 26. Rxa1 f6 $11) 25... Qxa5 26. Bxe8 Kf8) 23. f4 $16 Ng4 24. Nc6 Rb7 (24... Rb6 $16 25. Ra8 Rxc6) 25. f5 Ne5 26. Bf4 {[%emt 0:03:41] 0x0.0008426e0907dp-1022s more active pieces.} (26. Ra6 $16) 26... Nxc6 $14 27. dxc6 Qxc6 28. Bf3 Be5 29. Ra8 Kg7 30. Rd1 Rb6 $2 (30... Nc7 $11 31. Raa1 (31. Bxe5+ dxe5 32. Raa1 Rf8 $11) 31... Rf8) 31. Ra7 $2 (31. Bxe5+ $18 dxe5 32. Qd8 Qxa8 33. Qxb6) 31... Rb7 (31... Nc7 $16 {was necessary.}) 32. Rxb7 (32. Bxe5+ $18 dxe5 33. Rxb7 Qxb7 34. Qf2) 32... Qxb7 33. Bxe5+ dxe5 34. Qd5 (34. Qf2 $16) 34... Qc7 $1 ({Weaker is} 34... Qxd5 35. Rxd5 f6 36. Rxc5 $16) 35. b4 Bb7 ({Better is} 35... cxb4 36. cxb4 f6) 36. Qxc5 $16 Qxc5 37. bxc5 {[%emt 0:00:05] Strongly threatening Rd7.} Bc6 {[%emt 0:00:15] Prevents Rd7.} 38. Ra1 Nc7 {[%emt 0:00:21] Inhibits Ra6.} 39. Ra7 Rc8 40. Kf2 $1 Kf8 41. Bg2 Ke8 {[%emt 0:00:57] [#]} 42. Bh3 $1 {[%emt 0:01:44] Threatens to win with fxg6.} e6 43. fxe6 fxe6 44. Ke3 Kd8 {[%emt 0:00:21] [#]} 45. Ne2 ({White must play} 45. Nf1 $1 $16 ) 45... b4 $11 46. Ra1 bxc3 47. Nxc3 Rb8 48. Rd1+ Ke7 49. Rd6 Bd7 50. Rb6 {[%emt 0:00:14] Against Rb3} Ra8 51. Rb7 Rc8 (51... Kd8 $11) 52. Bf1 $16 Bc6 (52... Kd8 $142) 53. Ra7 {[%emt 0:00:08] And now Ba6 would win.} Kd8 54. Bc4 Rb8 55. Ra2 Rb4 56. Kd3 (56. Bd3 $14) 56... Ke7 57. Rf2 Rb8 58. Rf6 Be8 59. Kc2 Rd8 $1 60. Ne2 Ra8 61. Nc1 {[%emt 0:00:55] Black must now prevent Nd3.} Ra4 (61... Bc6 $11) 62. Kb3 {[%emt 0:00:37] Hoping for Nd3.} Ra1 63. Nd3 Rh1 64. Nxe5 Rxh4 65. Nxg6+ Bxg6 66. Rxg6 {[%emt 0:00:01] aiming for Rg7+.} Rxe4 $2 {[%emt 0:00:19][%mdl 12288] Endgame KRB-KRN} (66... Kd7 $16) 67. Rg7+ $18 {[%emt 0:01:13] White is clearly winning.} Kd8 68. c6 h4 69. g6 {[%emt 0:00:33][%cal Bg5g6,Bg6g7][%mdl 32] Rf7 is the strong threat.} Rg4 70. Rd7+ Kc8 71. Rh7 {[%emt 0:00:02] Rh8+ would kill now.} Kb8 72. g7 Ne8 73. c7+ {Weighted Error Value: White=0.26 (precise) /Black=0.29 (precise)} 1-0

[Event "Nakhchivan Open 2022"]
[Site "Nakhchivan"]
[Date "2022.05.14"]
[Round "9.6"]
[White "Mohammadi, Melika"]
[Black "Hasanzade, Toghrul"]
[Result "0-1"]
[ECO "B11"]
[WhiteElo "1885"]
[BlackElo "2279"]
[Annotator "TA"]
[PlyCount "130"]
[EventDate "2022.05.08"]
[EventType "swiss"]
[EventCountry "AZE"]
[SourceTitle "playchess.com"]
[Source "ChessBase"]
[SourceQuality "1"]
[TimeControl "5400+30"]

1. e4 c6 2. Nc3 d5 3. Nf3 Bg4 4. h3 Bh5 5. exd5 cxd5 6. g4 Bg6 7. Ne5 {[%emt 0:00:28] B11: Caro-Kann: Two Knights Variation.} Nc6 8. d4 {[%emt 0:00:27] The main line 8.d4 scores better than 8.Bb5.} e6 9. h4 {[%emt 0:00:14] White is slightly better.} f6 10. h5 (10. Nxg6 hxg6 11. Be3 Bd6 $11) 10... fxe5 11. hxg6 h6 12. dxe5 (12. Qf3 Qf6 13. Qxf6 Nxf6 14. dxe5 Nxg4 $11) 12... Bb4 13. Bd2 $1 {[%emt 0:09:05] [#]} Nge7 $146 ({Predecessor:} 13... Nxe5 14. f4 Nxg6 15. Bb5+ Kf8 16. Qf3 Nf6 17. O-O-O Qa5 18. Bd3 Ne7 19. g5 Nd7 20. gxh6 gxh6 {1-0 (57) Spitzl,V (2346)-Kukhmazov,A (2442) Chess.com INT 2021}) 14. g5 $1 Bxc3 15. bxc3 Qc7 16. gxh6 O-O-O (16... gxh6 $14 17. Qg4 Qxe5+ 18. Kd1 Kd7) 17. f4 $16 (17. h7 $6 Nxg6 18. f4 Nf8 $14) 17... gxh6 18. Qg4 (18. Bd3 $1 $16) 18... Nf5 $11 19. Bd3 Nce7 20. Qg1 Kb8 {[%emt 0:01:31][%mdl 1024] Black has compensation.} 21. Rh2 Rhg8 22. Rg2 (22. Qf2 $15 {might be stronger.}) 22... Rg7 (22... Nh4 $1 $17 23. Rg3 Nef5) 23. Rb1 $2 (23. O-O-O $11) 23... Rdg8 (23... Nh4 $1 $19 {[%cal Rh4f3] And now ...Nf3+ would win.} 24. Rg3 Nef5) 24. Ba6 ({Better is} 24. Qf2 $15) 24... b6 25. a4 $2 (25. Qf2 $17 {keeps fighting.}) 25... Rxg6 $19 26. Rxg6 Rxg6 27. Qf2 Nc6 28. c4 $2 (28. Kd1 $17 {is more resistant.}) 28... Ncd4 {[%emt 0:03:02] Threatens to win with ...Qg7. Pair of Knights!} 29. Bc3 Qg7 $2 30. Bxd4 $11 Nxd4 31. cxd5 Nf5 (31... Rg2 $11 {and Black is okay.} 32. Qxd4 Qg3+ 33. Kf1 Qf3+ 34. Ke1 Qg3+ 35. Kf1 Qf3+ 36. Ke1 Qg3+) 32. d6 $2 (32. dxe6 $18 Rg1+ 33. Bf1) 32... Rg2 $1 (32... Rg1+ $2 33. Bf1 $18) 33. d7 Kc7 {[%emt 0:01:30] Dancing on a razor blade.} 34. Qf3 $40 {[%emt 0:00:22][%mdl 128] Black needs to defend precisely.} Rg1+ (34... Qg3+ $1 $11 {keeps the balance.} 35. Qxg3 Rxg3) 35. Kf2 $16 {[%emt 0:00:13] White wants to mate with Qb7+.} Qg3+ 36. Qxg3 Rxg3 {[%emt 0:00:00][%mdl 4096] Endgame KRB-KRN} 37. Rd1 Rg8 (37... Kd8 $16) 38. Bc4 $18 Ng7 39. f5 Nxf5 40. Bxe6 Rg2+ 41. Kf3 (41. Kxg2 Ne3+ 42. Kf3 Nxd1 $18) 41... Nh4+ 42. Ke3 Kd8 43. Rd4 {[%emt 0:01:01] White threatens Rc4 and mate.} Rg6 $2 (43... Rg3+ 44. Ke4 Rc3) 44. Rd6 (44. Rxh4 Rxe6 45. Kd4 Kxd7 $14) 44... Rg3+ 45. Kf2 $2 (45. Ke4 {Rc6 is the strong threat.} Rc3 46. a5 bxa5 47. Ra6) 45... Rc3 {[%emt 0:00:15] Inhibits Rc6.} (45... Rf3+ 46. Ke1 Ng2+ 47. Kd2 Rf2+ 48. Kc3 Rf3+ 49. Kc4 Rf2) 46. Bg4 h5 47. Bxh5 Rxc2+ {[%emt 0:00:08][%cal Bc3c2,Bc2g2,Bg2g5,Bg5e5,Be5d5,Bd5d2][%mdl 32] [#]} 48. Ke1 $2 (48. Be2 $1 $18) 48... Ng2+ $11 49. Kf1 Ne3+ 50. Kg1 Rg2+ 51. Kh1 {[%emt 0:00:25] Hoping for e6.} Rg5 52. Be8 {[%emt 0:01:00] aiming for Rc6.} Rxe5 53. Rg6 Rd5 54. Rg8 Rd2 55. Kg1 Kc7 56. Rg3 Nd5 57. Rf3 {[%emt 0:00:18] Prevents Nf6.} Kd8 58. Kf1 a5 (58... Rd4 $17 59. Rf8 Nc7 60. Bf7+ Kxd7) 59. Ke1 Rd4 60. Rf5 Nc3 61. Rf6 (61. Rh5 $11 {remains equal.}) 61... Nxa4 $2 ({Black should play} 61... Rd1+ $17 62. Kf2 Ne4+ 63. Ke2 Nxf6 64. Kxd1 Ne4) 62. Rc6 Ke7 63. Rc8 $2 (63. Kf2 $11 {and White has nothing to worry.}) 63... Nc5 $19 64. Rb8 {[%emt 0:00:19] [#]} (64. Rc6 {might work better.}) 64... Rd6 $1 ({Stronger than} 64... Nxd7 65. Bxd7 Kxd7 66. Rxb6 $15) 65. Rb7 $2 (65. Ra8 $19) 65... Nxb7 {[%emt 0:00:01] A wild game.  Weighted Error Value: White=0.74/Black=0.50} 0-1